 Dungeon Crawl Stone Soup version 0.31-a0-182-gc5ef74bbde (webtiles) character file.

Game seed: 9537051316004387256

716 ragingrage the Basher (level 7, -2/62 HPs)
             Began as a Naga Monk on June 20, 2023.
             Slain by a gnoll
             ... wielding a +0 club
              (7 damage)
             ... on level 5 of the Dungeon.
             The game lasted 00:03:03 (3646 turns).

ragingrage the Basher (Naga Monk)                   Turns: 3646, Time: 00:03:04

Health: -2/62      AC:  5    Str: 17    XL:     7   Next: 69%
Magic:  7/7        EV:  9    Int:  7    God:
Gold:   143        SH:  0    Dex: 14    Spells: 4/6 levels left

rFire   . . .        a - +1 whip (drain)
rCold   . . .        d - orb {light}
rNeg    . . .        o - +0 ring mail of Unambiguity {rElec Str+2 Int-3 Stlth+}
rPois   +            (no helmet)
rElec   +            (no cloak)
rCorr   .            t - +0 pair of gloves
SInv    +            (no barding)
Will    .....        (no amulet)
Stlth   +            (no ring)
HPRegen 0.30/turn    (no ring)
MPRegen 0.10/turn

%: no passive effects
@: glowing, very slow
A: AC +2, large, see invisible, deformed body, poison resistance, slowness 2,
spit poison 1, naga tail 1
a: Spit Poison


You were on level 5 of the Dungeon.
You visited 1 branch of the dungeon, and saw 5 of its levels.

You collected 143 gold pieces.

Inventory:

Hand Weapons
 a - a +1 whip of draining (weapon)
 b - a +1 dagger of venom
 D - the +1 flail of Fiucegim {speed, SInv}
   (You found it on level 4 of the Dungeon)

   SInv:      It lets you see invisible.
 E - a +0 mace
Missiles
 x - 3 curare-tipped darts
Armour
 d - an orb of light (worn)
 o - the +0 ring mail of Unambiguity (worn) {rElec Str+2 Int-3 Stlth+}
   (You took it off a kobold on level 2 of the Dungeon)

   Str:       It affects your strength (+2).
   Int:       It affects your intelligence (-3).
   rElec:     It insulates you from electricity.
   Stlth:     It makes you more stealthy.
 t - a +0 pair of gloves (worn)
Wands
 s - a wand of polymorph (3)
 w - a wand of paralysis (9)
 y - a wand of iceblast (10)
 A - a wand of flame (27)
Scrolls
 e - a scroll of revelation {unknown}
 f - a scroll of enchant weapon {unknown}
 j - 4 scrolls of identify {unknown}
 k - a scroll of enchant armour {unknown}
 l - 2 scrolls of amnesia {unknown}
 m - 2 scrolls of blinking {unknown}
 n - 2 scrolls of teleportation {unknown}
 p - a scroll of silence {unknown}
 r - a scroll of poison {unknown}
 C - a scroll of vulnerability {unknown}
Potions
 c - a potion of ambrosia
 g - a potion of degeneration {unknown}
 h - 3 potions of brilliance
 i - 2 potions of resistance {unknown}
 q - a potion of magic {unknown}
 u - a potion of curing {unknown}
 v - a potion of cancellation {unknown}
 z - a potion of attraction {unknown}
 B - a potion of enlightenment {unknown}


   Skills:
 - Level 3.0 Fighting
 + Level 8.8 Maces & Flails
 - Level 2.4 Dodging


You had 4 spell levels left.
You knew the following spells:

 Your Spells              Type           Power      Damage    Failure   Level
a - Blink                 Tloc           0%         N/A       78%         2

Your spell library contained the following spells:

 Spells                   Type           Power      Damage    Failure   Level
 Lesser Beckoning         Tloc           0%         N/A       78%         2
 Momentum Strike          Conj/Tloc      0%         3d8       78%         2
 Gell's Gravitas          Tloc           0%         N/A       95%         3
 Teleport Other           Tloc           0%         N/A       95%         3


Dungeon Overview and Level Annotations

Branches:
Dungeon (5/15)
 Temple: D:4-7

Altars:
Kikubaaqudgha


Innate Abilities, Weirdness & Mutations

Your serpentine skin is tough. (AC +2)
You have supernaturally acute eyesight. (SInv)
Armour fits poorly on your strangely shaped body.
Your system is resistant to poisons. (rPois)
You cover ground very slowly.
You can spit poison.
You have a snake-like lower body.


Message History

You hit the gnoll but do no damage. You drain the gnoll.
You barely miss the gnoll. The gnoll hits you with a +0 whip.
The gnoll hits you from afar with a +0 spear.
You barely miss the gnoll. The gnoll hits you with a +0 whip.
The gnoll barely misses you.
You hit the gnoll. You hit the gnoll.
You kill the gnoll!
The gnoll hits you from afar with a +0 spear.
The gnoll hits you with a +0 spear. The gnoll barely misses you.
Things that are here:
a +0 whip; a gnoll corpse You hit the gnoll.
You drain the gnoll. The gnoll hits you with a +0 spear.
The gnoll hits you from afar with a +0 spear!
* * * LOW HITPOINT WARNING * * *
You hit the gnoll. You drain the gnoll.
You kill the gnoll!
The gnoll hits you from afar with a +0 spear.
* * * LOW HITPOINT WARNING * * *
The gnoll closely misses you.
Things that are here:
a +0 spear; a gnoll corpse You completely miss the gnoll.
The gnoll hits you with a +0 spear!
* * * LOW HITPOINT WARNING * * *
You whack the gnoll! You whack the gnoll!
You kill the gnoll!
You hit the ufetubus.
The ufetubus hits you but does no damage.
The ufetubus barely misses you.
You hit the ufetubus.
The ufetubus hits you but does no damage.
The ufetubus closely misses you.
You whack the ufetubus!
You kill the ufetubus!
You hit the gnoll. The gnoll hits you with a +0 club.
* * * LOW HITPOINT WARNING * * *
You hit the gnoll. You hit the gnoll but do no damage.
The gnoll hits you with a +0 club!
You die...

#. ..# #.####
.....# # #.##.# #.
#.##.# #.#
#.##.########.##
...#......)@g.....#
#.#.##.########.##
#....#.# ###....#
#......# #.#.####
#.# ...#.#
####.#### # ### #.#
#.......# ## ##'##
#.##.##.#


You could see a gnoll.

Vanquished Creatures
  An ogre (D:3)
  2 scorpions (D:4)
  3 hounds
  An orc priest (D:4)
  Ijyb (D:3)
  Natasha (thrice) (D:4)
  2 iguanas
  2 orc wizards (D:4)
  7 adders
  3 gnolls (D:5)
  An ufetubus (D:5)
  A dart slug (D:1)
  11 orcs
  5 endoplasms
  6 giant cockroaches
  5 goblins
  10 hobgoblins
  3 jackals (D:1)
  14 kobolds
  6 quokkas
  2 ball pythons
  6 bats
  5 rats
100 creatures vanquished.

Notes
Turn   | Place    | Note
-------+----------+-------------------------------------------
     0 | D:1      | ragingrage the Naga Monk began the quest for the Orb.
     0 | D:1      | Reached XP level 1. HP: 21/21 MP: 1/1
   241 | D:1      | Reached XP level 2. HP: 18/28 MP: 2/2
   550 | D:1      | Reached skill level 4 in Maces & Flails
   710 | D:1      | Reached XP level 3. HP: 34/34 MP: 3/3
  1215 | D:2      | Identified the +0 ring mail of Unambiguity {rElec Str+2
                  | Int-3 Stlth+}
  1381 | D:2      | Reached XP level 4. HP: 42/42 MP: 4/4
  1392 | D:2      | Found an ancient bone altar of Kikubaaqudgha.
  1654 | D:3      | Noticed Ijyb
  1837 | D:3      | Killed Ijyb
  1838 | D:3      | Reached skill level 5 in Maces & Flails
  2007 | D:3      | Noticed an ogre
  2017 | D:3      | Killed an ogre
  2018 | D:3      | Reached skill level 6 in Maces & Flails
  2018 | D:3      | Reached XP level 5. HP: 49/49 MP: 5/5
  2475 | D:4      | Reached XP level 6. HP: 53/56 MP: 6/6
  2698 | D:4      | Reached skill level 7 in Maces & Flails
  2865 | D:4      | Learned a level 2 spell: Blink
  2984 | D:4      | Identified the +1 flail of Fiucegim {speed, SInv}
  2991 | D:4      | Noticed Natasha
  2995 | D:4      | Killed Natasha
  3049 | D:4      | Noticed Natasha
  3058 | D:4      | Killed Natasha
  3059 | D:4      | Reached XP level 7. HP: 46/62 MP: 7/7
  3203 | D:4      | Noticed Natasha
  3209 | D:4      | Killed Natasha
  3318 | D:5      | Entered Level 5 of the Dungeon
  3328 | D:4      | Reached skill level 8 in Maces & Flails
  3646 | D:5      | Slain by a gnoll

Illustrated notes

Levels and vault maps discovered:
D:1:      dpeg_arrival_simpleton_c, layout_loops_ring, minmay_vboxes
D:2:      layout_rooms, basic_altar, nrook_loot_triangle,
          amcnicky_mini_rare_corridor_liquid, minmay_box_of_dots
D:3:      layout_rooms, kennysheep_another_room, minmay_goblin_kobold_house,
          uniq_ijyb
D:4:      layout_basic, eino_small_chamber_without_monster, uniq_natasha
D:5:      layout_loops_corners, uniq_crazy_yiuf_cottage, uniq_sigmund,
          uniq_edmund

Skill      XL: |  1  2  3  4  5  6  7 |
---------------+----------------------+-----
Maces & Flails | 4 6 7 8 |  8.8
Fighting       | |  3.0
Dodging        | |  2.4

Action                     |  1- 3 |  4- 6 |  7- 9 || total
---------------------------+-------+-------+-------++-------
  Melee: Mace              |    42 |    26 |       ||    68
         Dagger            |    44 |   108 |    18 ||   170
         Whip              |       |       |    59 ||    59
Ability: Spit Poison       |     8 |     4 |       ||    12
 Armour: Robe              |    17 |       |       ||    17
         Ring mail         |     8 |    62 |    19 ||    89
  Dodge: Dodged            |    46 |    86 |    32 ||   164

Table legend: (Time is in decaauts)
 A = Elapsed time spent in this place.
 B = Non-inter-level travel time spent in this place.
 C = Inter-level travel time spent in this place.
 D = Time resting spent in this place.
 E = Time spent auto-exploring this place.
 F = Levels seen in this place.
 G = Mean time per level.
                   A        B        C        D        E       F      G
               +--------+--------+--------+--------+--------+-----+--------+
         Total |   4461 |   4319 |    142 |    660 |   2903 |   5 |  892.2 |
       Dungeon |   4461 |   4319 |    142 |    660 |   2903 |   5 |  892.2 |
               +--------+--------+--------+--------+--------+-----+--------+

Top non-repeatable levels by time:
     D:4: 1200 daAuts
     D:2: 1123 daAuts
     D:1: 1089 daAuts
     D:3: 841 daAuts
     D:5: 207 daAuts
